 Dungeon Crawl Stone Soup version 0.21.1-1-g345015f (webtiles) character file.

1007 RENEGADE the Cudgeler (level 8, -3/85 HPs)
             Began as a Troll Chaos Knight on June 25, 2018.
             Was a Follower of Wu Jian.
             Killed from afar by Dowan (15 damage)
             ... with a shard of ice
             ... on level 4 of the Dungeon.
             The game lasted 00:40:00 (3651 turns).

RENEGADE the Cudgeler (Troll Chaos Knight)          Turns: 3651, Time: 00:40:01

Health: -3/85      AC:  9    Str: 22    XL:     8   Next: 0%
Magic:  7/7        EV: 11    Int:  8    God:    Wu Jian [*.....]
Gold:   213        SH:  0    Dex: 10    Spells: 7/7 levels left

rFire    x . .     SeeInvis .   a - +2 mace (chaos)
rCold    + . .     Gourm    +   (no shield)
rNeg     . . .     Faith    .   b - +2 robe
rPois    .         Spirit   .   (helmet restricted)
rElec    .         Reflect  .   (no cloak)
rCorr    .         Harm     .   (gloves unavailable)
MR       +....     Clarity  +   (boots unavailable)
Stlth    ++........             (no amulet)
HPRegen  0.64/turn              e - ring of ice
MPRegen  0.10/turn              k - ring of stealth

@: no status effects
A: large, unfitting armour, claws 3, iridescent scales 1, clarity, fast
metabolism 3, gourmand, magic resistance 1, regeneration 1, robust 1, shaggy fur
1, tough skin 2
a: Renounce Religion


You were on level 4 of the Dungeon.
You worshipped Wu Jian.
Wu Jian was aware of your devotion.
You were full.

You visited 1 branch of the dungeon, and saw 5 of its levels.

You collected 213 gold pieces.

Inventory:

Hand Weapons
 a - a +2 mace of chaos (weapon)
Armour
 b - a +2 robe (worn)
Jewellery
 e - a ring of ice (left claw)
 k - a ring of stealth (right claw)
Wands
 i - a wand of random effects (27)
Scrolls
 f - a scroll of fog
 g - 2 scrolls of fear
 l - 2 scrolls of remove curse
Potions
 n - a potion of brilliance
 o - a potion of haste
 q - a potion of might {unknown}
Books
 j - a book of Maledictions

   Spells                             Type                      Level
   a - Corona                         Hexes                        1
   b - Ensorcelled Hibernation        Hexes/Ice                    2
   c - Confuse                        Hexes                        3
   d - Tukima's Dance                 Hexes                        3
   e - Dazzling Spray                 Conjuration/Hexes            3
Comestibles
 c - 10 rations


   Skills:
 + Level 4.2 Fighting
 + Level 6.5 Maces & Flails
 + Level 4.1 Dodging
 + Level 1.3 Stealth


You had 7 spell levels left.
You didn't know any spells.

Dungeon Overview and Level Annotations

Branches:
Dungeon (5/15)
 Temple: D:4-7

Altars:
Fedhas
Qazlal
Vehumet
Wu Jian

Annotations:
D:5 Dowan
Abyss:1 Duvessa


Innate Abilities, Weirdness & Mutations

You are too large for most types of armour.
You have claws for hands.
Your metabolism is lightning-fast.
You like to eat raw meat.
Your natural rate of healing is unusually fast.
You are covered in fur. (AC +1)
You have very tough skin. (AC +2)
You are partially covered in iridescent scales. (AC +2)
You possess an exceptional clarity of mind.
You are resistant to hostile enchantments. (MR+)
You are robust. (+10% HP)


Message History

* * * LOW HITPOINT WARNING * * *
You closely miss something.
You feel sick. Something hits you.
* * * LOW HITPOINT WARNING * * *
Something hits you but does no damage.
You hear a zap.
A puff of flame appears from out of thin air!
The puff of flame hits you!
You climb upwards.
You feel sick.
There is a stone staircase leading down here.
You hear some strange, mumbled words.
A shard of ice appears from out of thin air!
The shard of ice hits you! You partially resist.
* * * LOW HITPOINT WARNING * * *
Something hits you.
* * * LOW HITPOINT WARNING * * *
You feel better.
You hear some strange, mumbled words.
A shard of ice appears from out of thin air!
The shard of ice hits you! You partially resist.
You die...

....# #.^.#..........#
....# ##..#####.<....#
....# #..# #..รท...#
....# #..# #....^.#
##### #..# #......#
##.# #......# ###[#
#......# #..># ########
#.#@# #...# ##########
######.####...#....#
#.........#.#.#....#
#.........[[.......####
#.........#.#.#........
#.........#.#.##.#.p...
###########.#.##.#.....
#.#.##.#.....


There were no monsters in sight!

Vanquished Creatures
  Pikel (D:4)
  2 slaves (D:4)
  2 bullfrog skeletons
  4 hounds
  2 orc priests
  An orc wizard (D:5)
  Ijyb (D:4)
  A worker ant (D:4)
  4 adders
  A shadow imp (D:5)
  2 oozes
  An adder skeleton (D:4)
  2 worms (D:2)
  3 leopard geckos
  9 orcs
  2 giant cockroaches
  7 goblins
  A goblin (shapeshifter) (D:5)
  7 hobgoblins
  5 jackals
  10 kobolds
  3 quokkas
  2 bats
  11 frilled lizards
  A leopard gecko skeleton (D:4)
  A quokka skeleton (D:4)
  8 rats
94 creatures vanquished.

Notes
Turn   | Place    | Note
-------+----------+-------------------------------------------
     0 | D:1      | RENEGADE the Troll Chaos Knight began the quest for the Orb.
     0 | D:1      | Reached XP level 1. HP: 22/22 MP: 0/0
     8 | D:1      | XOM: potion effect (agility)
    87 | D:1      | XOM: harmless Ice miscast
   125 | D:1      | Reached skill level 3 in Maces & Flails
   127 | D:1      | Reached XP level 2. HP: 27/29 MP: 1/1
   145 | D:1      | XOM: harmless Ice miscast
   242 | D:1      | Gained mutation: Your system is resistant to poisons. (rPois) [potion of mutation]
   242 | D:1      | Gained mutation: Your mind is acute. (Int +2) [potion of mutation]
   599 | D:1      | Reached XP level 3. HP: 36/36 MP: 2/2
   613 | D:1      | XOM: harmless Tmut miscast
   957 | D:2      | XOM: divination: magic mapping
   982 | D:2      | Found a radiant altar of Vehumet.
  1112 | D:2      | Found an ornate altar of the Wu Jian Council.
  1217 | D:2      | Fell from the grace of Xom
  1217 | D:2      | Became a worshipper of the Wu Jian Council
  1352 | D:2      | Found a stormy altar of Qazlal.
  1439 | D:2      | XOM: stat loss: -2 Int (8/10)
  1532 | D:2      | Reached XP level 4. HP: 39/44 MP: 3/3
  1762 | D:3      | Reached skill level 4 in Maces & Flails
  1951 | D:3      | XOM: draining
  1965 | D:3      | Reached * piety under Wu Jian
  1971 | D:3      | XOM: summons 5 hostile demons
  2134 | D:3      | Found a blossoming altar of Fedhas.
  2287 | D:3      | XOM: mild Fire miscast
  2344 | D:3      | XOM: summons 2 hostile demons
  2385 | D:4      | Reached XP level 5. HP: 39/53 MP: 4/4
  2450 | D:5      | Entered Level 5 of the Dungeon
  2489 | D:5      | XOM: mild Ice miscast
  2529 | D:5      | Lost mutation: Your mind is acute. (Int +2) [potion of mutation]
  2529 | D:5      | Lost mutation: Your system is resistant to poisons. (rPois) [potion of mutation]
  2529 | D:5      | Gained mutation: You are partially covered in iridescent scales. (AC +2) [potion of mutation]
  2529 | D:5      | Gained mutation: You are robust. (+10% HP) [potion of mutation]
  2529 | D:5      | Gained mutation: You possess an exceptional clarity of mind. [potion of mutation]
  2529 | D:5      | Gained mutation: You are resistant to hostile enchantments. (MR+) [potion of mutation]
  2582 | D:5      | XOM: 1-stop teleportation journey
  2583 | D:5      | Noticed an ogre
  2809 | D:4      | Reached skill level 5 in Maces & Flails
  2809 | D:4      | Reached XP level 6. HP: 67/67 MP: 5/5
  3022 | D:4      | Noticed a slave
  3025 | D:4      | Noticed a slave
  3028 | D:4      | Noticed Pikel
  3033 | D:4      | Noticed a slave
  3036 | D:4      | Noticed Ijyb
  3044 | D:4      | XOM: destruction
  3057 | D:4      | XOM: summons 2 hostile demons
  3172 | D:4      | Noticed a slave
  3178 | D:4      | Killed Ijyb
  3208 | D:4      | Killed a slave
  3214 | D:4      | Killed a slave
  3232 | D:4      | Killed Pikel
  3232 | D:4      | Reached skill level 6 in Maces & Flails
  3232 | D:4      | Reached skill level 1 in Stealth
  3232 | D:4      | Reached XP level 7. HP: 77/77 MP: 6/6
  3473 | D:5      | Noticed Duvessa
  3479 | D:5      | Noticed Dowan
  3636 | D:5      | Banished Duvessa
  3636 | D:5      | Reached XP level 8. HP: 60/85 MP: 7/7
  3651 | D:4      | Killed from afar by Dowan

Skill      XL: |  1  2  3  4  5  6  7 |
---------------+----------------------+-----
Dodging        | 2 3 4 |  4.1
Maces & Flails | 3 4 5 6 |  6.5
Fighting       | 3 4 |  4.2
Stealth        | 1 |  1.3

Action                   |  1- 3 |  4- 6 |  7- 9 || total
-------------------------+-------+-------+-------++-------
Melee: Mace              |   140 |   227 |    28 ||   395
Invok: Lunge             |     3 |    14 |     2 ||    19
       Whirlwind         |       |     3 |       ||     3
Evoke: Wand              |       |       |     2 ||     2
  Use: Scroll            |     6 |     9 |     3 ||    18
       Potion            |     3 |     3 |     1 ||     7
 Stab: Sleeping          |     2 |     1 |       ||     3
       Confused          |       |     2 |       ||     2
       Petrifying        |       |       |     1 ||     1
  Eat: Chunk             |    11 |    14 |     8 ||    33
       Ration            |       |     1 |       ||     1
Armor: Robe              |    50 |   102 |     9 ||   161
Dodge: Dodged            |    90 |   120 |    11 ||   221
